[Event "Live Chess"]
[Site "Chess.com"]
[Date "2024.06.02"]
[Round "-"]
[White "grillage"]
[Black "Delacorta"]
[Result "1-0"]
[WhiteElo "1866"]
[BlackElo "1521"]
[TimeControl "300"]
[EndTime "2:21:17 PDT"]
[Termination "grillage won by resignation"]

1. d4 Nf6 2. Nf3 g6 3. g3 Bg7 4. Bg2 d6 5. c4 O-O 6. O-O Re8 7.
Nc3 c6 8. b3 Nbd7 9. Bb2 Nf8 10. Qc2 e5 11. dxe5 dxe5 12. Rad1 Qc7 13. Ne4 Nxe4 14.
Qxe4 Bf5 15. Qe3 Rad8 16. Nh4 Bc8 17. Qxa7 Rxd1 18. Rxd1 Rd8 19. Rxd8 Qxd8 20. Qe3 Qd1+ 21. Bf1 Bh3 22. Ng2 Nd7 23. Qc1 Qxc1 24. Bxc1 e4 25.
Nf4 Bxf1 26. Kxf1 f5 27. Be3 Nf6 28. Ne6 Ng4 29. Nd8 Nxe3+ 30. fxe3 Bh6 31. Kf2 Bf8 32.
Nxb7 Be7 33. a4 Bb4 34. a5 Be7 35. a6 1-0

[Event "Live Chess"]
[Site "Chess.com"]
[Date "2024.06.02"]
[Round "-"]
[White "JohanKjeldahl"]
[Black "raimundklein"]
[Result "1-0"]
[WhiteElo "1821"]
[BlackElo "1558"]
[TimeControl "300"]
[EndTime "2:21:23 PDT"]
[Termination "JohanKjeldahl won by resignation"]

1. e4 c6 2. d4 d5 3. Nc3 dxe4 4. Nxe4 Bf5 5. Ng3 Bg6 6. Nf3 Nf6 7. h4 Nh5 8. Nxh5 Bxh5 9. Be2 Nd7 10. Bf4 e6 11. c3 Be7 12. Ng5 Bxe2 13. Qxe2 h6 14. Nf3 O-O 15. O-O-O Nf6 16. Ne5 Nd5 17. Bd2 b5 18. g4 Qc7 19. g5 Rfb8 20. gxh6 g6 21. h5 gxh5 22. Rdg1+ Kf8 23. Qxh5 Bf6 24. h7 1-0

[Event "Live Chess"]
[Site "Chess.com"]
[Date "2024.06.02"]
[Round "-"]
[White "seasidecastle27"]
[Black "Queensandpawns"]
[Result "0-1"]
[WhiteElo "1918"]
[BlackElo "2277"]
[TimeControl "300"]
[EndTime "2:22:12 PDT"]
[Termination "Queensandpawns won by checkmate"]

1. d4 e5 2. e4 exd4 3. c3 d5 4. exd5 Qxd5 5. Nf3 Bg4 6. Be2 Nc6 7. cxd4 O-O-O 8.
Nc3 Bb4 9. O-O Qh5 10. d5 Nge7 11. Qa4 Nxd5 12. Nxd5 Rxd5 13. Be3 Bd6 14. Bf4 Nd4 15.
Bxd6 Nxe2+ 16. Kh1 Bxf3 17. Bxc7 Kxc7 18. Qc4+ Kb8 19.
Rac1 Bxg2+ 20. Kxg2 Rg5+ 21. Kh1 Qf3# 0-1

[Event "Live Chess"]
[Site "Chess.com"]
[Date "2024.06.02"]
[Round "-"]
[White "Brooms1989"]
[Black "Ferrarifan27"]
[Result "0-1"]
[WhiteElo "1168"]
[BlackElo "2130"]
[TimeControl "300"]
[EndTime "2:22:20 PDT"]
[Termination "Ferrarifan27 won by resignation"]

1. e4 e5 2. Nc3 Nc6 3. Bc4 Bc5 4. Qg4 g6 5. Qf3 Nf6 6. d3 Nd4 7.
Qd1 O-O 8. Nge2 Kg7 9. Nxd4 Bxd4 10. Ne2 Bb6 11. f4 Ng4 12. d4 exd4 13. h3 Ne3 14.
Bxe3 dxe3 15. f5 d6 16. Nf4 Qh4+ 0-1

[Event "Live Chess"]
[Site "Chess.com"]
[Date "2024.06.02"]
[Round "-"]
[White "wadsy27"]
[Black "Ninifu"]
[Result "1-0"]
[WhiteElo "2575"]
[BlackElo "2011"]
[TimeControl "300"]
[EndTime "2:22:25 PDT"]
[Termination "wadsy27 won by resignation"]

1. c4 Nf6 2. g3 g6 3. Bg2 Bg7 4. Nc3 O-O 5. Nf3 d6 6. O-O e5 7. d3 h6 8. Rb1 a5 9. a3 Re8 10. Nd2 c6 11. b4 axb4 12. axb4 Na6 13. b5 Nb8 14. bxc6 bxc6 15. Bb2 Qc7 16. Nde4 Nxe4 17.
Nxe4 f5 18. Nc3 Be6 19. Ra1 Nd7 20. Nb5 Rxa1 21. Nxc7 Rxd1 22. Rxd1 Re7 23. Nxe6 Rxe6 24. Bxc6 Nf6 25. Ra1 Re7 26. Ra8+ Kf7 27. Ba3 Rc7 28. Bb5 Ke6 29. Ra6 Bf8 30. c5 Nd7 31. Bc4+ Kf6 32. cxd6 Rb7 33. f4 Rb6 34. fxe5+ Kxe5 35. Bb2+ Kxd6 36. Rxb6+ Nxb6 37. Ba3+ 1-0

[Event "Live Chess"]
[Site "Chess.com"]
[Date "2024.06.02"]
[Round "-"]
[White "peteopeteo"]
[Black "AlexanderMatlak"]
[Result "0-1"]
[WhiteElo "1547"]
[BlackElo "2408"]
[TimeControl "300"]
[EndTime "2:22:28 PDT"]
[Termination "AlexanderMatlak won on time"]

1. e4 c5 2. a3 Nc6 3. b4 Nf6 4. Nc3 cxb4 5. axb4 Nxb4 6. Ba3 e5 7. Nf3 Be7 8. Nxe5 O-O 9. Bc4 a5 10. Bxb4 Bxb4 11. Nd5 d6 12. Nxb4 dxe5 13. Nd5 Nxe4 14. Qf3 Nd6 15. Ba2 Be6 16. c4 e4 17. Qh5 g6 18.
Qe5 Bxd5 19. cxd5 Re8 20. Qd4 Qg5 21. O-O Nf5 22. Qc4 Nh4 23. g3 Nf3+ 24. Kg2 Nxd2 25. Qb5 Nxf1 26. Kxf1 e3 27. Re1 Qh5 28. Qxb7 Qf3 29. Rxe3 Qh1+ 30. Ke2 Rxe3+ 31. fxe3 Qxh2+ 32. Kd3 Rf8 33. Bc4 Qxg3 34. Qb5 Qc7 35. e4 Rb8 36. Qc6 Qxc6 37. dxc6 Rc8 38. Bb5 Kf8 39. Kd4 Ke7 40.
Kd5 h5 41. Kc5 h4 42. Bf1 a4 43. Kb4 Rxc6 44. Kxa4 Re6 45. Bg2 h3 46. Bxh3 Rxe4+ 47. Kb5 Rd4 48. Kc5 Rd8 49. Kc6 f5 50. Bg2 Rd2 51. Bf3 Kf6 52. Bd5 g5 53. Kd6 g4 54.
Kc5 Ke5 55. Bg2 Rxg2 0-1

[Event "Live Chess"]
[Site "Chess.com"]
[Date "2024.06.02"]
[Round "-"]
[White "ProfPoisson"]
[Black "TedUdale"]
[Result "0-1"]
[WhiteElo "1321"]
[BlackElo "2114"]
[TimeControl "300"]
[EndTime "2:22:33 PDT"]
[Termination "TedUdale won by resignation"]

1. e4 c5 2. Nc3 e6 3. f4 Nc6 4.
Nf3 Nf6 5. Bb5 a6 6. Bxc6 bxc6 7. d3 d5 8. e5 Nd7 9. O-O Be7 10. Qe1 a5 11. Na4 Ba6 12. Bd2 c4 13. Bxa5 Qc8 14. Nb6 Nxb6 15. Bxb6 cxd3 16. cxd3 Bxd3 17. Rf2 Qa6 18. Bd4 c5 19. Bc3 c4 20. Bb4 Qb6 21. Bxe7 Kxe7 22. Kh1 Ra7 23. Ng5 h6 24. Nh3 Rb8 25.
f5 Bxf5 26. Qf1 Qd4 27. Rxf5 exf5 28. Qxf5 Qe4 29. Qf2 Rab7 30. Rf1 Kf8 31. Qc5+ Kg8 32. Nf4 Rxb2 33. Rg1 Qxf4 34. Qxd5 Rb1 35. e6 Rxg1+ 36. Kxg1 Rb1+ 0-1

[Event "Live Chess"]
[Site "Chess.com"]
[Date "2024.06.02"]
[Round "-"]
[White "ameetghasi100"]
[Black "Dhaydon19"]
[Result "1-0"]
[WhiteElo "2793"]
[BlackElo "2626"]
[TimeControl "300"]
[EndTime "2:22:34 PDT"]
[Termination "ameetghasi100 won by resignation"]

1. c4 c6 2. e3 d5 3. Nf3 Nf6 4. b3 e6 5. Bb2 Bd6 6. g4 h6 7.
Rg1 Nbd7 8. h4 e5 9. g5 hxg5 10. hxg5 Ne4 11. Nc3 Nxc3 12. dxc3 Nb6 13. c5 Bxc5 14.
Nxe5 Bd6 15. Nf3 Qe7 16. a3 Bf5 17. c4 Rg8 18. Nd4 Be4 19. Qg4 dxc4 20. bxc4 Na4 21.
Bc1 Nc5 22. Bd2 Nd3+ 23. Bxd3 Bxd3 24. Bc3 g6 25. Rd1 Qe4 26. Qxe4+ Bxe4 27. f3 O-O-O 28. fxe4 Rge8 29. Rg4 Bxa3 30. Nc2 Bc5 31. Rxd8+ Kxd8 32. Ke2 Be7 33. Rf4 Bxg5 34. Rxf7 Rxe4 35. Bd4 b6 36.
Rxa7 c5 37. Kd3 Re7 38. Ra8+ Kc7 39. Bc3 Rd7+ 40. Ke2 Kb7 41. Rg8 Rd6 42. e4 Re6 43. Kf3 Kc6 44. e5 b5 45. Rc8+ Kb7 46. Rxc5 bxc4 47. Ke4 Bf6 48. Rxc4 Bxe5 49. Bxe5 Rc6 50. Rb4+ Rb6 51. Rd4 Rc6 52. Ne3 Re6 53. Nd5 Kc6 54. Nf4 Re8 55. Rd6+ Kc5 56. Nd3+ Kc4 57. Rc6+ Kb5 58. Rxg6 Rg8 59. Rxg8 1-0

[Event "Live Chess"]
[Site "Chess.com"]
[Date "2024.06.02"]
[Round "-"]
[White "Greenbecker"]
[Black "MasterCaptainHaddock"]
[Result "0-1"]
[WhiteElo "1729"]
[BlackElo "1816"]
[TimeControl "300"]
[EndTime "2:22:39 PDT"]
[Termination "MasterCaptainHaddock won by checkmate"]

1. e4 c6 2. d4 d5 3. exd5 cxd5 4. Nf3 Bg4 5. Bd3 Bxf3 6. Qxf3 Nf6 7. O-O e6 8. Re1 Bd6 9. Bg5 Nbd7 10. Nc3 O-O 11.
Qh3 Qb6 12. Ne2 Qxb2 13. Reb1 Qa3 14. Rxb7 Rad8 15. Rxd7 Rxd7 16. Bxf6 h6 17. Qg4 g5 18. Bxg5 f5 19. Bxf5 exf5 20. Qh5 hxg5 21. Qxg5+ Rg7 22. Qh6 Qb2 23. Rf1 Qxc2 24. Qxd6 Qxe2 25. Qxd5+ Kh8 26. Qb3 Qg4 27. g3 f4 28. d5 fxg3 29. fxg3 Rxf1+ 30. Kxf1 Rf7+ 31. Kg2 Qe2+ 32. Kh3 Rh7# 0-1

[Event "Live Chess"]
[Site "Chess.com"]
[Date "2024.06.02"]
[Round "-"]
[White "TheSmoulderingMaster"]
[Black "jellhhggffhjjjjjj"]
[Result "1-0"]
[WhiteElo "1789"]
[BlackElo "479"]
[TimeControl "300"]
[EndTime "2:22:48 PDT"]
[Termination "TheSmoulderingMaster won on time"]

1. e4 d5 2. exd5 Nf6 3. Bb5+ Bd7 4. Bc4 a6 5. Nc3 Bf5 6. Nf3 c6 7. dxc6 Nxc6 8. Ne5 Nxe5 9. Bb3 Nc6 10. O-O e6 11.
d3 Bd6 12. Qf3 Qe7 13. Re1 Ne5 14. Qe2 Neg4 15. g3 O-O 16. Qf3 g6 17. Bg5 h6 18.
Bh4 Kg7 19. h3 Nxf2 20. Qxf2 g5 21. g4 Bg6 22. Bg3 Bc5 23. d4 Bb6 24. Be5 Rad8 25.
Rf1 Kh7 26. Bxf6 Qb4 27. Bxd8 Bxd4 28. Bf6 Bxf2+ 29. Rxf2 h5 30. gxh5 Bxh5 31. Re1 Kg6 32. Re4 Qd6 33. Bc4 Qg3+ 34. Rg2 Qxh3 35. Bxg5 Rg8 36. Bd3 Kg7 37. Rh4 Bf3 38. Bh6+ Kh8 39.
Bf8+ 1-0

[Event "Live Chess"]
[Site "Chess.com"]
[Date "2024.06.02"]
[Round "-"]
[White "uselessduffer"]
[Black "DavrosLight"]
[Result "1-0"]
[WhiteElo "2403"]
[BlackElo "802"]
[TimeControl "300"]
[EndTime "2:23:01 PDT"]
[Termination "uselessduffer won by resignation"]

1. e4 e5 2. Nf3 Nc6 3. Bb5 f5 4. Nc3 Nf6 5. exf5 d5 6. Nxe5 Bxf5 7. Nxc6 Qe7+ 8. Nxe7+ Kxe7 9. d4 a6 10. Bd3 Bxd3 11. Qxd3 1-0

[Event "Live Chess"]
[Site "Chess.com"]
[Date "2024.06.02"]
[Round "-"]
[White "blunderabit"]
[Black "StoreySniper"]
[Result "0-1"]
[WhiteElo "1758"]
[BlackElo "2515"]
[TimeControl "300"]
[EndTime "2:23:02 PDT"]
[Termination "StoreySniper won by resignation"]

1. e4 g6 2. Nc3 Bg7 3. g3 c5 4. Bg2 Nc6 5. d3 d6 6. Be3 e5 7. Qd2 Nge7 8. Bh6 Bxh6 9. Qxh6 Nd4 10. O-O-O Be6 11. Nge2 Qa5 12. a3 b5 13. Nd5 Nxe2+ 14. Kb1 Bxd5 15. exd5 b4 16. axb4 Qxb4 17. Qd2 Qxd2 18.
Rxd2 Nd4 0-1

[Event "Live Chess"]
[Site "Chess.com"]
[Date "2024.06.02"]
[Round "-"]
[White "ACM42"]
[Black "crais6"]
[Result "1-0"]
[WhiteElo "2160"]
[BlackElo "1603"]
[TimeControl "300"]
[EndTime "2:23:19 PDT"]
[Termination "ACM42 won on time"]

1. e4 c5 2. Nf3 Nc6 3. d4 cxd4 4.
Nxd4 e5 5. Nb5 d6 6. c4 a6 7.
N5c3 Be6 8. Bd3 Be7 9. O-O Nf6 10. Nd5 O-O 11. Nbc3 Nd4 12. f4 Bxd5 13. exd5 Nd7 14. Be3 f5 15. Ne2 Nxe2+ 16. Bxe2 e4 17. Bd4 Bf6 18. b4 a5 19. a3 b6 20. Qd2 Qc7 21.
Rfc1 Rfc8 22. Qe3 Qd8 23. g3 Bxd4 24. Qxd4 Qf6 25. Qxf6 Nxf6 26. Kf2 Kf8 27. Ke3 Ke7 28. Kd4 axb4 29. axb4 Nd7 30. Bf1 Kf6 31. Be2 g6 32.
Bd1 Ke7 33. Ba4 Rc7 34. Bc6 Raa7 35. Kc3 Nb8 36. Bb5 Nd7 37. Kd4 Nf6 38. Re1 Ng4 39. h3 Nf6 40. Rg1 h5 41. h4 1-0

[Event "Live Chess"]
[Site "Chess.com"]
[Date "2024.06.02"]
[Round "-"]
[White "bill77678"]
[Black "TJ-W"]
[Result "1-0"]
[WhiteElo "1840"]
[BlackElo "1571"]
[TimeControl "300"]
[EndTime "2:23:19 PDT"]
[Termination "bill77678 won on time"]

1. e4 e5 2. Nf3 Nc6 3. d4 exd4 4. Bc4 Nf6 5. e5 d5 6. Bb5 Ng4 7. O-O Bd7 8. Bxc6 Bxc6 9. h3 Nh6 10. Nxd4 Qd7 11.
Qe2 O-O-O 12. Na3 Nf5 13. Nab5 Bxb5 14. Nxb5 a6 15. Nc3 d4 16. Ne4 d3 17. cxd3 Qxd3 18.
Qxd3 Rxd3 19. Re1 Nd4 20. Be3 Nc2 21. Red1 Rxd1+ 22. Rxd1 Be7 23. Bf4 Nb4 24. a3 Nc6 25. Bg3 Rd8 26. Rxd8+ Kxd8 27. f4 Nd4 28. Kf2 Kd7 29.
Bh2 f5 30. exf6 gxf6 31. Ke3 c5 32. g4 b5 33. f5 Nc2+ 34. Kd2 Nd4 35. Bf4 Kc6 36.
Be3 Kd5 37. Nc3+ Ke5 38. Ne2 Nxe2 39. Kxe2 Kd5 40. Kd3 Bd6 41. Bf2 Be5 42. b3 c4+ 43. bxc4+ bxc4+ 44. Kc2 Ke4 45. Be1 Bd4 46. Bc3 Bxc3 47.
Kxc3 Kd5 48. h4 1-0

[Event "Live Chess"]
[Site "Chess.com"]
[Date "2024.06.02"]
[Round "-"]
[White "Crowded_House"]
[Black "A3ndrey9"]
[Result "0-1"]
[WhiteElo "1674"]
[BlackElo "1293"]
[TimeControl "300"]
[EndTime "2:23:22 PDT"]
[Termination "A3ndrey9 won by checkmate"]

1. d4 c6 2. c3 d5 3. Bg5 Nf6 4. e3 Bf5 5. Bd3 Bxd3 6. Qxd3 e6 7. Nd2 Be7 8. Ngf3 O-O 9. O-O h6 10. Bh4 Nbd7 11. Rfe1 c5 12. dxc5 Nxc5 13. Qe2 Nfe4 14. Bxe7 Qxe7 15. Nxe4 Nxe4 16. Nd2 Nxd2 17. Qxd2 Rac8 18.
Qd4 Qc5 19. Qxc5 Rxc5 20. Red1 a5 21. Rd4 b5 22. a3 a4 23. Rad1 Rd8 24. e4 Kf8 25.
exd5 Rdxd5 26. Rxd5 Rxd5 27. Rxd5 exd5 28. Kf1 Ke7 29.
Ke2 Kd6 30. Kd3 Kc5 31. f4 f5 32. h3 Kd6 33. Kd4 g6 34. g4 fxg4 35. hxg4 h5 36. gxh5 gxh5 37. f5 h4 38. f6 h3 39. f7 Ke7 40.
Kxd5 h2 41. Kc5 h1=Q 42. f8=Q+ Kxf8 43. Kxb5 Qd5+ 44. Kxa4 Qc4+ 45. Ka5 Ke7 46. a4 Kd6 47. b4 Qxc3 48. Kb5 Qd3+ 49. Kb6 Qd4+ 50. Kb5 Qd5+ 51. Kb6 Qc6+ 52. Ka5 Qa8+ 53. Kb5 Kd5 54. a5 Qb7+ 55. Ka4 Qc6+ 56. Kb3 Qb5 57. Kc3 Qa4 58. a6 Qxa6 59. Kb3 Qb5 60. Kc3 Qc4+ 61. Kb2 Qxb4+ 62. Kc2 Kc4 63. Kd1 Kd3 64. Kc1 Qa3+ 65. Kb1 Qb3+ 66.
Ka1 Qb4 67. Ka2 Kc2 68. Ka1 Qb2# 0-1

[Event "Live Chess"]
[Site "Chess.com"]
[Date "2024.06.02"]
[Round "-"]
[White "WorcesterYork"]
[Black "Mikhail_Golubev"]
[Result "1-0"]
[WhiteElo "2482"]
[BlackElo "2511"]
[TimeControl "300"]
[EndTime "2:23:23 PDT"]
[Termination "WorcesterYork won on time"]

1. d4 Nf6 2. Bg5 d5 3. Nd2 e6 4. e3 c5 5. c3 Nc6 6. f4 h6 7. Bxf6 Qxf6 8. Bd3 g5 9. fxg5 hxg5 10. Qf3 Qxf3 11. Ngxf3 g4 12. Ng1 e5 13. Ne2 cxd4 14.
exd4 exd4 15. Nxd4 Nxd4 16. cxd4 Be6 17. Bb5+ Ke7 18.
Nb3 Bh6 19. O-O Be3+ 20. Kh1 g3 21. h3 Rag8 22. Rf3 Bf2 23. Bf1 Rh4 24. Rc1 Bxd4 25. Rc7+ Kd6 26. Rxb7 Bb6 27. Rc3 Rf4 28. Bb5 Bxh3 29.
Rc6+ Ke5 30. Rbxb6 axb6 31. Nd2 Bg4 32. Rc1 Rh8+ 33.
Kg1 Rf6 34. Nf1 1-0

[Event "Live Chess"]
[Site "Chess.com"]
[Date "2024.06.02"]
[Round "-"]
[White "matt1979"]
[Black "Purple1szed"]
[Result "0-1"]
[WhiteElo "1407"]
[BlackElo "2080"]
[TimeControl "300"]
[EndTime "2:23:26 PDT"]
[Termination "Purple1szed won by resignation"]

1. f4 c5 2. Nf3 Nc6 3. e4 d5 4. e5 Bg4 5. Be2 e6 6. O-O Nge7 7. Qe1 Nf5 8. c3 d4 9. cxd4 Bxf3 10. Bxf3 Nfxd4 11. Na3 Be7 12. Qe4 Qd7 13. b3 O-O 14. Bb2 Rfd8 15. Nc4 Rac8 16. Ne3 b5 17. Nc2 Nxc2 18. Qxc2 Qxd2 19. Qxd2 Rxd2 20. Bc3 Rd7 21. Rad1 Nd4 22. Be4 b4 23. Bb2 Rcd8 24. Bxd4 Rxd4 25. Bc2 f6 26. exf6 Bxf6 27. g3 Kf7 28. Rxd4 Rxd4 29. Rd1 e5 30. fxe5 Bxe5 31. Rxd4 cxd4 32. Kg2 h6 33. Kf3 Ke6 34. Ke4 Bf6 35. Bd3 a5 36.
h3 g6 37. g4 h5 38. gxh5 gxh5 39. Bc4+ Kd6 40. Kf5 Be7 41. Kg6 Ke5 42. Kxh5 Ke4 43. Kg4 Ke3 44. h4 d3 45. Bd5 d2 46. Bf3 Bxh4 47. Bd1 Bd8 48. Kh3 Kf2 49. Kg4 Ke1 50.
Bc2 d1=Q+ 51. Bxd1 Kxd1 0-1

[Event "Live Chess"]
[Site "Chess.com"]
[Date "2024.06.02"]
[Round "-"]
[White "upoe610"]
[Black "TigerTank70"]
[Result "0-1"]
[WhiteElo "2141"]
[BlackElo "2232"]
[TimeControl "300"]
[EndTime "2:23:30 PDT"]
[Termination "TigerTank70 won - game abandoned"]

1. c4 e5 2. g3 Nc6 3. Bg2 Nf6 4. Nc3 Bb4 5. Nd5 Be7 6. d3 d6 7. a3 h5 8. e3 h4 9. Ne2 hxg3 10. hxg3 Rxh1+ 11. Bxh1 Qd7 12. Nec3 Qh3 13. Qf3 Bg4 14. Qg2 Qxg2 15. Bxg2 O-O-O 16. Bd2 Rh8 17. Kf1 Bd8 18. Kg1 Na5 0-1

[Event "Live Chess"]
[Site "Chess.com"]
[Date "2024.06.02"]
[Round "-"]
[White "vincents82"]
[Black "yarek"]
[Result "0-1"]
[WhiteElo "1984"]
[BlackElo "1756"]
[TimeControl "300"]
[EndTime "2:23:35 PDT"]
[Termination "yarek won by resignation"]

1. e4 g6 2. d4 Bg7 3. Nc3 c6 4. Be3 d5 5. e5 h5 6. Qd2 Nh6 7.
O-O-O Nf5 8. f3 Nxe3 9. Qxe3 e6 10. Bd3 Nd7 11. Kb1 a6 12. f4 Qb6 13. h3 c5 14. Nce2 c4 15. Nf3 cxd3 16. Rxd3 Qc7 17.
Rf1 b5 18. g4 hxg4 19. hxg4 Nb6 20. f5 Nc4 21. Qg5 exf5 22. Nh4 Qe7 23. Qxe7+ Kxe7 24. gxf5 Rxh4 25. f6+ Kf8 26. fxg7+ Kxg7 27. Rdf3 Nd2+ 28.
Kc1 Nxf3 0-1

[Event "Live Chess"]
[Site "Chess.com"]
[Date "2024.06.02"]
[Round "-"]
[White "KeithArkell"]
[Black "Frankie_Badacsonyi"]
[Result "1/2-1/2"]
[WhiteElo "2414"]
[BlackElo "2413"]
[TimeControl "300"]
[EndTime "2:24:13 PDT"]
[Termination "Game drawn by repetition"]

1. d4 Nf6 2. Nf3 e6 3. c4 Bb4+ 4. Bd2 c5 5. Bxb4 cxb4 6. a3 bxa3 7. Rxa3 O-O 8. e3 d6 9. Nc3 Nc6 10. d5 Nb8 11. dxe6 Bxe6 12. Be2 d5 13. Nd4 Nc6 14. Nxe6 fxe6 15. O-O a6 16. cxd5 exd5 17. Bf3 d4 18. Bxc6 dxc3 19. Bxb7 Rb8 20. Qb3+ Rf7 21. Qxc3 Rfxb7 22. Rxa6 Rxb2 23. h3 R2b6 24. Rxb6 Qxb6 25. Rc1 h6 26.
Qc4+ Kh7 27. g4 Qd6 28. Qc2+ Kh8 29. Qf5 Rd8 30. Kg2 Qd2 31. Rc8 Rxc8 32. Qxc8+ Kh7 33.
Qf5+ Kh8 34. Qc8+ Kh7 35. Qf5+ Kh8 36. Qc8+ 1/2-1/2

[Event "Live Chess"]
[Site "Chess.com"]
[Date "2024.06.02"]
[Round "-"]
[White "GoldsmanB"]
[Black "Trendle"]
[Result "0-1"]
[WhiteElo "1102"]
[BlackElo "2631"]
[TimeControl "300"]
[EndTime "2:24:14 PDT"]
[Termination "Trendle won by checkmate"]

1. d4 Nf6 2. c4 e6 3. Nc3 Bb4 4. Qc2 Nc6 5. a3 Nxd4 6. Qd3 Bxc3+ 7. bxc3 Nb3 8. Rb1 Nxc1 9. Rxc1 O-O 10. e4 e5 11. Nf3 Qe7 12. Be2 Qxa3 13. O-O Qc5 14. Rfd1 b6 15. Ng5 h6 16. Nh3 Bb7 17. Bf3 a5 18. g4 a4 19. g5 hxg5 20. Nxg5 a3 21. Ra1 Ra4 22. Qc2 Rxc4 23. Rdc1 Ra8 24. Be2 Bxe4 25.
Qb3 Bd5 26. Bxc4 Bxc4 27. Qc2 a2 28. Ne4 Qc6 29. Nxf6+ Qxf6 30. Qd2 Qg6+ 31. Kh1 Qe4+ 32. Kg1 Qg4+ 33. Kh1 Qf3+ 34. Kg1 Bd5 35. Kf1 Ra4 36. Qe2 Qh1# 0-1

[Event "Live Chess"]
[Site "Chess.com"]
[Date "2024.06.02"]
[Round "-"]
[White "elis06"]
[Black "Duke_of_Bebington"]
[Result "1-0"]
[WhiteElo "2166"]
[BlackElo "1638"]
[TimeControl "300"]
[EndTime "2:24:15 PDT"]
[Termination "elis06 won by resignation"]

1. d4 d5 2. c4 c6 3. Nf3 Nf6 4. Nc3 dxc4 5. a4 a6 6. a5 Nd5 7. e4 Nxc3 8. bxc3 e6 9. Bxc4 Be7 10.
O-O O-O 11. Bd3 c5 12. Be3 cxd4 13. cxd4 Nc6 14. e5 Nxa5 15. Bc2 b5 16. Qd3 g6 17. Bh6 Re8 18. Nd2 Bb7 19. Ne4 Nc4 20. Rfe1 Qb6 21. Qf3 Qxd4 22. Nf6+ Kh8 23. Qxb7 Nxe5 24. Nxe8 Rxe8 25.
Rad1 Qg4 26. Qxe7 1-0

[Event "Live Chess"]
[Site "Chess.com"]
[Date "2024.06.02"]
[Round "-"]
[White "bonantagulo"]
[Black "MaksymYurii"]
[Result "1-0"]
[WhiteElo "2240"]
[BlackElo "1000"]
[TimeControl "300"]
[EndTime "2:25:06 PDT"]
[Termination "bonantagulo won by resignation"]

1. d4 d5 2. c4 dxc4 3. Nf3 Nf6 4.
e3 Ne4 5. Bxc4 c5 6. O-O cxd4 7. exd4 e6 8. Re1 Nd6 9. Bd3 Be7 10. Nc3 O-O 11.
Qe2 Nc6 12. Ne4 Nf5 13. Be3 Nfxd4 14. Nxd4 Nxd4 15. Bxd4 Qxd4 16. Rad1 Bh4 17. Qh5 Bf6 18. Nxf6+ 1-0

[Event "Live Chess"]
[Site "Chess.com"]
[Date "2024.06.02"]
[Round "-"]
[White "TJ-W"]
[Black "Purple1szed"]
[Result "0-1"]
[WhiteElo "1570"]
[BlackElo "2081"]
[TimeControl "300"]
[EndTime "2:25:08 PDT"]
[Termination "Purple1szed won by checkmate"]

1. e4 e5 2. Nf3 Nc6 3. Bc4 Nf6 4. Ng5 Bc5 5. Nxf7 Bxf2+ 6. Kxf2 Nxe4+ 7. Kf1 Nd4 8. Nxh8 Qf6+ 9. Qf3 Nxf3 10. gxf3 Qxf3+ 11. Kg1 Qf2# 0-1

[Event "Live Chess"]
[Site "Chess.com"]
[Date "2024.06.02"]
[Round "-"]
[White "JohanKjeldahl"]
[Black "defenderalist"]
[Result "0-1"]
[WhiteElo "1805"]
[BlackElo "1545"]
[TimeControl "300"]
[EndTime "2:25:23 PDT"]
[Termination "defenderalist won by checkmate"]

1. e4 c5 2. Nf3 d6 3. d4 cxd4 4.
Nxd4 Nf6 5. Nc3 a6 6. Bg5 e6 7. f4 Be7 8. Qf3 h6 9. Bh4 Nc6 10.
O-O-O Nxd4 11. Rxd4 b5 12. Bxf6 Bxf6 13. e5 Be7 14. Qxa8 O-O 15. exd6 Bf6 16. Rd2 Bxc3 17. bxc3 Qa5 18. Qe4 Qxa2 19. Kd1 Bd7 20. Bd3 f5 21.
Qe1 Be8 22. c4 Bh5+ 23. Be2 Qb1# 0-1

[Event "Live Chess"]
[Site "Chess.com"]
[Date "2024.06.02"]
[Round "-"]
[White "CheckThis4"]
[Black "lateforthesky"]
[Result "1-0"]
[WhiteElo "2696"]
[BlackElo "2076"]
[TimeControl "300"]
[EndTime "2:25:46 PDT"]
[Termination "CheckThis4 won by resignation"]

1. d4 Nf6 2. c4 g6 3. Nc3 Bg7 4. e4 d6 5. Nge2 c6 6. Ng3 a6 7. Bd3 b5 8. a3 bxc4 9. Bxc4 d5 10. exd5 cxd5 11. Bd3 O-O 12. h3 Nc6 13. Be3 e5 14. dxe5 Nxe5 15. Be2 Be6 16. O-O Nc4 17. Bxc4 dxc4 18.
Qf3 Qc7 19. Rfd1 Rad8 20. Rac1 Rxd1+ 21. Rxd1 Rd8 22. Rxd8+ Qxd8 23. Qc6 h6 24. Qxa6 Qd3 25. Qb5 Nd5 26. Nxd5 Qxd5 27. Qxd5 Bxd5 28. Bc1 Kf8 29. Ne2 Ke7 30. f3 Kd6 31. Kf2 Kc5 32. Ke3 Kb5 33.
Nc3+ Kc5 34. Nxd5 Kxd5 35. Kd2 c3+ 36. bxc3 Kc4 37. Kc2 Bxc3 38. Bxh6 Bd4 39. Bd2 Bc5 40.
a4 Kd4 41. h4 Ke5 42. Kd3 Kf5 43. g4+ Ke5 44. a5 f5 45. a6 fxg4 46. fxg4 Kf6 47.
Kc4 1-0

[Event "Live Chess"]
[Site "Chess.com"]
[Date "2024.06.02"]
[Round "-"]
[White "raimundklein"]
[Black "grillage"]
[Result "0-1"]
[WhiteElo "1552"]
[BlackElo "1868"]
[TimeControl "300"]
[EndTime "2:25:56 PDT"]
[Termination "grillage won by resignation"]

1. e4 d5 2. exd5 Qxd5 3. Nc3 Qd8 4. d4 Nf6 5. h3 Bf5 6. Bc4 e6 7. Nf3 c6 8. Bb3 Bd6 9. Bg5 Nbd7 10. Qe2 O-O 11.
O-O-O a5 12. a3 b5 13. Ne5 b4 14. axb4 axb4 15. Na4 Be7 16. Nxc6 Qe8 17. Nxe7+ Qxe7 18. d5 h6 19. dxe6 Bxe6 20. Bh4 g5 21. Bg3 Nc5 22.
Nxc5 Qxc5 23. Bd6 Ra1+ 24. Kd2 Qxd6+ 0-1

[Event "Live Chess"]
[Site "Chess.com"]
[Date "2024.06.02"]
[Round "-"]
[White "MagnersCarlsberg2870"]
[Black "silunn"]
[Result "0-1"]
[WhiteElo "1812"]
[BlackElo "2142"]
[TimeControl "300"]
[EndTime "2:26:02 PDT"]
[Termination "silunn won by resignation"]

1. d4 e6 2. Nd2 d5 3. e3 Nf6 4.
Bd3 c5 5. c3 Nc6 6. f4 Be7 7.
Ngf3 a6 8. Qe2 b5 9. O-O Bb7 10. a3 b4 11. axb4 cxb4 12. Ne5 Na5 13. Kh1 bxc3 14.
bxc3 Rc8 15. c4 dxc4 16. Ndxc4 Nb3 17. Rb1 Nxc1 18. Rfxc1 Qd5 19. e4 Nxe4 20. Nb6 Rxc1+ 21. Rxc1 Qxd4 22. Bxe4 Bxe4 23. Rc8+ Bd8 24. Rxd8+ Qxd8 25. h3 Qxb6 26. Qxe4 O-O 27. Nd7 Qd6 28. Nxf8 Kxf8 29. Qa8+ Ke7 30. Qb7+ Kf6 31. Qb2+ Kg6 32. Qc2+ f5 33.
g3 a5 34. Qa4 Qb4 35. Qe8+ Kf6 36. Qf8+ Qxf8 0-1

[Event "Live Chess"]
[Site "Chess.com"]
[Date "2024.06.02"]
[Round "-"]
[White "Delacorta"]
[Black "ameetghasi100"]
[Result "0-1"]
[WhiteElo "1521"]
[BlackElo "2793"]
[TimeControl "300"]
[EndTime "2:26:23 PDT"]
[Termination "ameetghasi100 won by resignation"]

1. d4 c5 2. Nf3 cxd4 3. Nxd4 e6 4.
e3 Nf6 5. Nd2 a6 6. b3 Nc6 7.
Nxc6 bxc6 8. Bb2 d5 9. Nf3 Be7 10. Bd3 O-O 11. Ne5 Bb7 12. O-O c5 13. c4 Qc7 14. f4 Rad8 15. Qc2 d4 16. exd4 cxd4 17.
Rae1 Bb4 18. Re2 a5 19. a3 Bc5 20. Ref2 g6 21. g4 Ba8 22. h4 Qb7 23. Rh2 Bd6 24. g5 Nh5 25. Be4 Qxe4 0-1

[Event "Live Chess"]
[Site "Chess.com"]
[Date "2024.06.02"]
[Round "-"]
[White "Greenbecker"]
[Black "TheSmoulderingMaster"]
[Result "1-0"]
[WhiteElo "1746"]
[BlackElo "1780"]
[TimeControl "300"]
[EndTime "2:26:27 PDT"]
[Termination "Greenbecker won by resignation"]

1. e4 c5 2. g3 d6 3. Bg2 Nc6 4. Ne2 Nf6 5. O-O g6 6. d4 cxd4 7. Nxd4 Bg7 8. Nxc6 bxc6 9. e5 Nd7 10. exd6 exd6 11.
Bxc6 O-O 12. Bxa8 Ba6 13. Bg2 Bxf1 14. Kxf1 Ne5 15. Bf4 Qd7 16. Nc3 Qf5 17. Bxe5 dxe5 18.
Qd3 Qe6 19. Rd1 h5 20. Qd7 Qc4+ 21. Kg1 Qb4 22. Qb5 Qg4 23. Qe2 Qb4 24. Qb5 Qg4 25. h3 Qf5 26. Qd3 Qe6 27. Qd5 Qd7 28. Qxd7 1-0